 Dungeon Crawl Stone Soup version 0.24-a0-335-g06ca16af6c (webtiles) character file.

Game seed: 16660303270614046952

116618 MachJacob the Earth Mage (level 16, -13/103 HPs)
             Began as a Gargoyle Earth Elementalist on May 18, 2019.
             Was the Champion of Elyvilon.
             Mangled by a wolf spider (14 damage)
             ... on level 2 of the Spider Nest on May 19, 2019.
             The game lasted 03:17:00 (52088 turns).

MachJacob the Earth Mage (GrEE)                    Turns: 52088, Time: 03:17:01

Health: -13/103    AC: 30    Str: 16    XL:     16   Next: 71%
Magic:  0/31       EV: 13    Int: 23    God:    Elyvilon [******]
Gold:   1611       SH: 17    Dex: 12    Spells: 15/37 levels left

rFire    . . .     SeeInvis .   b - +8 hunting sling "Boataany" {velocity, Str+4 Dex+2}
rCold    . . .     Gourm    .   Z - +2 shield
rNeg     + . .     Faith    .   F - +3 scale mail
rPois    ∞         Spirit   .   X - +2 helmet
rElec    +         Reflect  +   A - +1 cloak
rCorr    .         Harm     .   (no gloves)
MR       ++...                  W - +0 pair of boots
Stlth    +.........             D - +4 amulet of reflection
HPRegen  0.27/turn              m - ring of protection from magic
MPRegen  0.22/turn              P - +4 ring of slaying

@: flying, very slightly contaminated
A: big wings, negative energy resistance 1, electricity resistance, unbreathing,
petrification resistance, rot immunity, AC +12
a: Stop Flying, Lesser Healing, Heal Other, Purification, Greater Healing,
Divine Vigour, Divine Protection, Renounce Religion


You were on level 2 of the Spider Nest.
You worshipped Elyvilon.
Elyvilon was exalted by your worship.
You were not hungry.

You visited 4 branches of the dungeon, and saw 26 of its levels.

You collected 2393 gold pieces.
You spent 782 gold pieces at shops.

Inventory:

Hand Weapons
 a - a +4 dagger
 b - the +8 hunting sling "Boataany" (weapon) {velocity, Str+4 Dex+2}
   (You found it on level 4 of the Dungeon)

   Any stone fired from it inflicts extra damage.
   It affects your strength (+4).
   It affects your dexterity (+2).
Missiles
 L - 9 curare-tipped darts {!f}
 T - 14 stones (quivered)
Armour
 A - a +1 cloak (worn)
 F - a +3 scale mail (worn)
 J - a +2 chain mail of magic resistance
 W - a +0 pair of boots (worn)
 X - a +2 helmet (worn)
 Z - a +2 shield (worn)
Magical Staves
 w - an uncursed staff of conjuration
Jewellery
 m - a ring of protection from magic (left hand)
 u - an uncursed ring of magical power
 x - an uncursed ring of ice
 D - a +4 amulet of reflection (around neck)
 P - a +4 ring of slaying (right hand)
 Q - the ring "Vycei" {rElec rF++ SInv}
   (You found it on level 6 of the Lair of Beasts)

   [ring of see invisible]

   It greatly protects you from fire.
   It insulates you from electricity.
   It lets you see invisible.
Wands
 o - a wand of acid (1)
 q - a wand of iceblast (7)
 s - a wand of clouds (5)
 v - a wand of scattershot (5)
 C - a wand of polymorph (5)
 M - a wand of flame (17)
 R - a wand of digging (10)
Scrolls
 c - 4 scrolls of identify
 g - 12 scrolls of teleportation
 h - 5 scrolls of blinking
 j - a scroll of fear
 n - 4 scrolls of enchant weapon
 t - 8 scrolls of amnesia
 y - 3 scrolls of magic mapping
 B - 3 scrolls of immolation
 H - 8 scrolls of remove curse
 N - a scroll of fog
 O - 2 scrolls of holy word
Potions
 e - 6 potions of mutation
 f - 9 potions of heal wounds
 i - 5 potions of lignification
 k - 12 potions of curing
 l - 4 potions of resistance
 r - 6 potions of might
 z - 2 potions of agility
 E - 4 potions of berserk rage
 G - a potion of ambrosia
 I - a potion of brilliance
 K - 3 potions of magic
 U - 2 potions of haste
Comestibles
 d - 26 rations


   Skills:
 + Level 12.6 Fighting
 - Level 4.0 Slings
 + Level 8.5 Armour
 - Level 10.0 Dodging
 - Level 2.1 Stealth
 + Level 8.6 Shields
 + Level 11.0 Spellcasting
 + Level 7.0 Conjurations
 * Level 2.1 Translocations
 - Level 0.7 Transmutations
 * Level 6.1 Ice Magic
 - Level 3.0 Air Magic
 - Level 15.0 Earth Magic
 - Level 5.0 Poison Magic
 + Level 8.9 Invocations


You had 15 spell levels left.
You knew the following spells:

 Your Spells              Type           Power        Failure   Level  Hunger
a - Sandblast             Erth           ######       1%          1    None
b - Passwall              Tmut/Erth      #####...     1%          2    None
c - Stone Arrow           Conj/Erth      ######       1%          3    None
d - Lee's Rapid Deconstr  Erth           ######....   1%          5    ####...
e - Mephitic Cloud        Conj/Pois/Air  #####...     13%         3    None
q - Blink                 Tloc           N/A          22%         2    None
x - Bolt of Cold          Conj/Ice       #####.....   98%         6    #####..

Your spell library contained the following spells:

 Spells                   Type           Power        Failure   Level  Hunger
 Magic Dart               Conj           ####         1%          1    None
 Throw Frost              Conj/Ice       #####.       3%          2    None
 Shock                    Conj/Air       ####         4%          1    None
 Flame Tongue             Conj/Fire      ####.        9%          1    None
 Poisonous Vapours        Pois/Air       ####..       10%         2    None
 Throw Flame              Conj/Fire      ####..       12%         2    None
 Static Discharge         Conj/Air       #####...     13%         3    None
 Petrify                  Tmut/Erth      #####...     14%         4    None
 Conjure Flame            Conj/Fire      ####....     24%         3    None
 Swiftness                Chrm/Air       ###.....     28%         2    None
 Ozocubu's Armour         Chrm/Ice       ####....     30%         3    None
 Borgnjor's Vile Clutch   Necr/Erth      #####.....   41%         5    ####...
 Call Imp                 Summ           ##......     45%         2    None
 Slow                     Hex            ##......     45%         2    None
 Recall                   Summ/Tloc      N/A          56%         3    None
 Sticky Flame             Conj/Fire      ####....     63%         4    None
 Airstrike                Air            ####......   69%         4    None
 Inner Flame              Hex/Fire       ##......     71%         3    None
 Lightning Bolt           Conj/Air       #####.....   77%         5    ####...
 Fireball                 Conj/Fire      ####......   92%         5    ####...
 Animate Dead             Necr           N/A          98%         4    None
 Freezing Cloud           Conj/Ice/Air   #####.....   99%         6    #####..
 Death Channel            Necr           ##........   100%        6    #####..
 Simulacrum               Ice/Necr       ####......   100%        6    #####..
 Ring of Flames           Chrm/Fire      ##........   100%        7    #######


Dungeon Overview and Level Annotations

Branches:
Dungeon (15/15)            Temple (0/1) D:6            Lair (6/6) D:11
 Shoals (0/4) Lair:4       Spider (3/4) Lair:4        Slime (0/5) Lair:6
    Orc (2/2) D:10            Elf (0/3) Orc:2        Vaults (0/5) D:13
 Depths (0/5) D:15

Altars:
Ashenzari
Cheibriados
Dithmenos
Elyvilon
Fedhas
Gozag
Hepliaklqana
Kikubaaqudgha
Makhleb
Qazlal
Vehumet
Xom
Yredelemnul
The Shining One
Beogh
Jiyva

Shops:
D:6 =   D:10 =   Orc:2 ?}[!

Annotations:
D:1 Terence
D:10 1 runed translucent door, Ezendos's ghost, novice CeHu
D:15 3 runed translucent doors, HAL9000's ghost, adept VSAs
Lair:1 exclusion: hydra
Lair:6 1 runed translucent door


Innate Abilities, Weirdness & Mutations

You are resistant to torment.
Your stone body is resilient. (AC +12)
You are immune to poison.
Your large and strong wings let you fly indefinitely.
You resist negative energy. (rN+)
You are resistant to electric shocks. (rElec)
You can survive without breathing.
You are immune to petrification.
You are immune to rotting.


Message History

The wolf spider bites you but does no damage.
You block the wolf spider's attack. The wolf spider barely misses you.
The wolf spider hits you but does no damage.
The wolf spider bites you but does no damage.
The wolf spider hits you.
* * * LOW HITPOINT WARNING * * *
The wolf spider closely misses you. You block the wolf spider's attack.
The wolf spider bites you but does no damage.
Casting: Blink (safe; 22% risk of failure)
Confirm with . or Enter, or press ? or * to list all spells.
You don't know that spell.
Casting: Blink (safe; 22% risk of failure)
Confirm with . or Enter, or press ? or * to list all spells.
Aiming: Passwall (safe; 1% risk of failure)
Press: ? - help, Dir - move target cursor A rock wall.
Your divine protection fades away.
The redback barely misses you. You block the wolf spider's attack.
The wolf spider completely misses you. The wolf spider hits you!
You die...

......##.##.........#####...#
.....##.......^.......#....##
^.#..#................#...##
..##.(....................##
...##.##...................#
....######......^#.......>##
.#.## #.......s.......##
....## ##.#.#sss......##
.....### #####s@s#^...##
...<##.## ######....#
#.#.....########## ###.##
###.......^#..#..## ###
..................#
........^#.......^#
..................#
..|..........##..##
.<............####


You could see 4 wolf spiders and 2 redbacks.

Vanquished Creatures
  Arachne (Spider:2)
  Jorgrun (Spider:3)
  Frances (Spider:2)
  Donald (Spider:1)
  Agnes (D:14)
  An emperor scorpion (Spider:2)
  Aizul (Spider:1)
  An entropy weaver (Spider:1)
  Nessos (D:12)
  A yaktaur captain (D:15)
  Harold (D:11)
  A catoblepas (Lair:6)
  A rakshasa (D:15)
  8 hydras
  Erica (Orc:2)
  A vault guard (D:13)
  5 centaur warriors
  7 death yaks
  A death knight (D:13)
  5 two-headed ogres
  4 ogre magi
  A deep troll shaman (Lair:6)
  Urug (D:10)
  Sonja (Lair:2)
  A fire crab (Lair:3)
  4 unseen horrors
  2 skeletal warriors
  2 orc knights (Orc:1)
  3 deep elf magi
  9 wolf spiders
  Pikel (D:9)
  4 oklob plants
  8 ugly things (D:15)
  6 orb spiders (Spider:2)
  A manticore (D:12)
  A cyclops (D:15)
  7 orc sorcerers (Orc:2)
  6 elephants
  6 black mambas
  2 centaur zombies (D:14)
  Maurice (Orc:1)
  A torpor snail (Lair:5)
  10 spiny frogs
  3 komodo dragons
  2 rime drakes (Lair:5)
  An efreet (D:13)
  5 demonic crawlers
  A kobold demonologist (D:12)
  A freezing wraith (D:14)
  A yaktaur (D:15)
  11 trolls
  6 meliai
  18 jumping spiders
  2 hornets
  4 polar bears
  14 blink frogs
  10 hippogriffs
  6 slime creatures (D:15)
  A meliai zombie (D:10)
  2 shadows
  11 tarantellas
  33 redbacks
  9 wyverns
  15 yaks
  2 fire bats (Lair:3)
  2 fire elementals (Lair:3)
  2 wraiths (D:15)
  10 humans (D:13)
  2 basilisks
  2 hungry ghosts
  Grum (D:10)
  Menkaure (D:6)
  A soldier ant (D:15)
  3 wargs
  An acid dragon (D:13)
  5 porcupines
  20 water moccasins
  31 orc warriors
  4 ice beasts
  A sky beast (D:12)
  A slave (D:8)
  23 ogres
  A phantom (D:10)
  5 black bears
  12 centaurs
  15 wolves
  5 boggarts (D:15)
  5 crocodiles
  5 big kobolds
  15 bullfrogs
  3 gnoll sergeants
  A water moccasin zombie (D:5)
  A wyvern skeleton (D:10)
  4 scorpions
  11 killer bees
  3 howler monkeys
  2 electric eels (Lair:1)
  2 crimson imps
  3 quasits
  2 bullfrog zombies
  6 jellies
  4 hounds
  15 orc priests
  2 bullfrog skeletons
  4 centaur skeletons
  2 iguanas
  Ijyb (D:3)
  36 orc wizards
  8 worker ants
  A killer bee zombie (D:8)
  A hound skeleton (D:7)
  A worker ant zombie (D:7)
  13 gnolls
  9 adders
  3 shadow imps
  6 oozes
  An adder zombie (D:5)
  3 adder skeletons
  A worm (D:4)
  2 dart slugs
  A leopard gecko (D:6)
  91 orcs
  6 giant cockroaches
  4 goblins
  6 hobgoblins
  3 jackals (D:1)
  6 quokkas
  2 ball pythons
  7 bats
  3 frilled lizards
  12 kobolds
  11 rats
  3 fungi
  3 plants
763 creatures vanquished.

Vanquished Creatures (collateral kills)
  A wolf spider (Spider:1)
  An orb spider (Spider:1)
  2 tarantellas (Spider:2)
  A hound (D:8)
5 creatures vanquished.

Vanquished Creatures (others)
  2 tarantellas (Spider:2)
  A human (D:13)
  A slave (D:9)
  A bush (D:9)
  5 fungi
  A plant (Lair:2)
  2 withered plants (D:10)
13 creatures vanquished.

Grand Total: 781 creatures vanquished

Notes
Turn   | Place    | Note
-------+----------+-------------------------------------------
     0 | D:1      | MachJacob the Gargoyle Earth Elementalist began the quest
                  | for the Orb.
     0 | D:1      | Reached XP level 1. HP: 10/10 MP: 3/3
   285 | D:1      | Reached XP level 2. HP: 16/16 MP: 3/5
   377 | D:1      | Reached skill level 4 in Earth Magic
   642 | D:1      | Reached skill level 1 in Fighting
   712 | D:1      | Reached XP level 3. HP: 20/20 MP: 2/6
  1368 | D:2      | Learned a level 2 spell: Passwall
  1373 | D:2      | Learned a level 3 spell: Stone Arrow
  1478 | D:2      | Noticed Terence
  2167 | D:1      | HP: 1/20 [Terence/+0 flail of protection (4)]
  2626 | D:2      | Found a radiant altar of Vehumet.
  2711 | D:2      | Reached XP level 4. HP: 21/25 MP: 7/7
  2837 | D:2      | Reached skill level 1 in Conjurations
  3222 | D:3      | Found a faded altar of an unknown god.
  3230 | D:3      | You fall through a shaft!
  3597 | D:3      | Noticed Ijyb
  3779 | D:3      | Found a white marble altar of Elyvilon.
  3862 | D:3      | Found a stormy altar of Qazlal.
  3942 | D:3      | Killed Ijyb
  3942 | D:3      | Reached XP level 5. HP: 30/30 MP: 2/8
  4216 | D:3      | Became a worshipper of Elyvilon the Healer
  4309 | D:4      | Reached skill level 5 in Earth Magic
  4416 | D:4      | Noticed an ogre
  4635 | D:4      | Reached XP level 6. HP: 23/35 MP: 0/10
  5172 | D:4      | Got a faintly glowing hunting sling
  5173 | D:4      | Identified the +8 hunting sling "Boataany" {velocity, Str+4
                  | Dex+2} (You found it on level 4 of the Dungeon)
  5274 | D:4      | Learned a level 5 spell: Lee's Rapid Deconstruction
  5277 | D:5      | Entered Level 5 of the Dungeon
  5518 | D:5      | Reached skill level 6 in Earth Magic
  5518 | D:5      | Reached XP level 7. HP: 40/40 MP: 11/11
  5680 | D:5      | Reached * piety under Elyvilon
  5940 | D:6      | Found a staircase to the Ecumenical Temple.
  5982 | D:6      | Reached skill level 7 in Earth Magic
  5982 | D:6      | Reached XP level 8. HP: 48/48 MP: 8/13
  6021 | D:6      | Found Miodgh's Jewellery Shoppe.
  6161 | D:6      | Reached ** piety under Elyvilon
  6164 | D:6      | Noticed Menkaure
  6348 | D:6      | Killed Menkaure
  6536 | D:7      | Reached skill level 8 in Earth Magic
  7000 | D:6      | Reached skill level 5 in Fighting
  7000 | D:6      | Reached XP level 9. HP: 54/54 MP: 10/16
  7400 | D:7      | Reached skill level 9 in Earth Magic
  8073 | D:8      | Reached skill level 5 in Spellcasting
  8241 | D:8      | Noticed a hornet
  8308 | D:8      | Reached *** piety under Elyvilon
  8757 | D:8      | Killed a hornet
  8757 | D:8      | Reached skill level 10 in Earth Magic
  9045 | D:8      | Reached skill level 5 in Dodging
  9176 | D:9      | Noticed Pikel
  9334 | D:9      | Found a snail-covered altar of Cheibriados.
  9334 | D:9      | Found a hazy altar of Hepliaklqana.
  9417 | D:9      | Reached XP level 10. HP: 49/61 MP: 15/18
  9496 | D:9      | Found a glowing golden altar of the Shining One.
  9852 | D:9      | Found a blossoming altar of Fedhas.
  9853 | D:9      | Found a shadowy altar of Dithmenos.
  9853 | D:9      | Found an opulent altar of Gozag.
  9853 | D:9      | Found a basalt altar of Yredelemnul.
  9854 | D:9      | Found a burning altar of Makhleb.
  9855 | D:9      | Found a shimmering altar of Xom.
  9857 | D:9      | Found a shattered altar of Ashenzari.
  9974 | D:9      | Killed Pikel
  9974 | D:9      | Reached skill level 11 in Earth Magic
 10488 | D:10     | Entered Level 10 of the Dungeon
 10510 | D:10     | Reached **** piety under Elyvilon
 10523 | D:10     | Noticed Urug
 10675 | D:9      | Noticed a centaur warrior
 11883 | D:10     | Found Usyr Myo's Jewellery Shop.
 12096 | D:10     | Found a runed translucent door.
 12097 | D:10     | Noticed Ezendos's ghost (novice CeHu)
 12125 | D:10     | Reached ***** piety under Elyvilon
 12318 | D:10     | Noticed Grum
 12362 | D:10     | Killed Grum
 12440 | D:10     | Reached skill level 12 in Earth Magic
 12623 | D:10     | Reached XP level 11. HP: 51/68 MP: 16/21
 12706 | D:10     | Found a staircase to the Orcish Mines.
 13101 | D:11     | Noticed an oklob plant
 13323 | D:11     | Found a staircase to the Lair.
 13323 | D:11     | Noticed an oklob plant
 13493 | D:11     | Noticed Harold
 13689 | D:11     | Noticed an oklob plant
 14073 | D:11     | Killed an oklob plant
 14128 | D:11     | Killed an oklob plant
 14293 | D:11     | Killed Harold
 14562 | D:10     | Killed Urug
 14562 | D:10     | Reached skill level 13 in Earth Magic
 14999 | D:10     | Bought the ring of Maer {Int+2 SInv} for 445 gold pieces
 15140 | D:11     | Noticed an unseen horror
 15143 | D:11     | Killed an unseen horror
 18269 | D:11     | Killed an oklob plant
 18312 | Lair:1   | Entered Level 1 of the Lair of Beasts
 19149 | Lair:1   | Got a twisted ring mail
 19168 | Lair:1   | Noticed a seven-headed hydra
 19172 | Lair:1   | Killed a seven-headed hydra
 19516 | Lair:1   | Reached XP level 12. HP: 76/76 MP: 23/23
 19537 | Lair:1   | Reached skill level 14 in Earth Magic
 19582 | Lair:1   | Noticed a seven-headed hydra
 20261 | Lair:1   | Killed a seven-headed hydra
 21037 | Lair:2   | Reached skill level 1 in Invocations
 21245 | Lair:2   | Noticed Sonja
 21246 | Lair:2   | Killed Sonja
 21789 | Lair:2   | Identified the +1 ring mail of Yesterday {rF+} (You found
                  | it on level 1 of the Lair of Beasts)
 22195 | Lair:3   | Found a transporter.
 22228 | Lair:3   | Found a transporter.
 22710 | Lair:3   | Reached skill level 1 in Armour
 22710 | Lair:3   | Reached skill level 1 in Shields
 23031 | Lair:3   | Reached skill level 1 in Slings
 23320 | Lair:3   | Reached ****** piety under Elyvilon
 24053 | Lair:4   | Noticed an eight-headed hydra
 24213 | Lair:3   | Killed an eight-headed hydra
 24213 | Lair:3   | Reached skill level 15 in Earth Magic
 24383 | Lair:4   | Reached skill level 10 in Fighting
 24419 | Lair:4   | Found a staircase to the Shoals.
 24523 | Lair:4   | Reached XP level 13. HP: 82/82 MP: 14/25
 24976 | Lair:4   | Found a hole to the Spider Nest.
 27038 | Lair:6   | Entered Level 6 of the Lair of Beasts
 27652 | Lair:6   | Found a runed translucent door.
 27652 | Lair:6   | Found a viscous altar of Jiyva.
 27654 | Lair:6   | Noticed an acid blob
 27655 | Lair:6   | Found a staircase to the Slime Pits.
 27658 | Lair:6   | Noticed an acid blob
 27924 | Lair:5   | Reached skill level 5 in Invocations
 28232 | Lair:6   | Got a smoking copper ring
 28234 | Lair:6   | Identified Dyhedefo's Tome of Cold
 29208 | Lair:6   | Learned a level 3 spell: Mephitic Cloud
 29215 | Lair:6   | Learned a level 6 spell: Bolt of Cold
 29299 | Lair:6   | Reached skill level 5 in Shields
 29583 | Lair:6   | Reached skill level 5 in Armour
 29646 | Lair:6   | Gained mutation: Your large and strong wings let you fly
                  | indefinitely. [Gargoyle growth]
 29646 | Lair:6   | Reached XP level 14. HP: 88/88 MP: 6/27
 29859 | Lair:5   | Reached skill level 1 in Poison Magic
 30077 | Lair:6   | Reached skill level 1 in Air Magic
 30887 | Lair:6   | Identified the ring "Vycei" {rElec rF++ SInv} (You found it
                  | on level 6 of the Lair of Beasts)
 31142 | Lair:3   | Got a translucent cloak
 31507 | Orc:1    | Entered Level 1 of the Orcish Mines
 31580 | Orc:1    | Noticed Maurice
 31595 | Orc:1    | Killed Maurice
 31816 | Orc:2    | Entered Level 2 of the Orcish Mines
 32314 | Orc:2    | Found a staircase to the Elven Halls.
 32405 | Orc:1    | Noticed an orc warlord
 32790 | Orc:1    | Noticed Erica
 33250 | Orc:2    | Found Mish's Magic Scroll Boutique.
 33539 | Orc:2    | Bought a scroll of random uselessness for 13 gold pieces
 33629 | Orc:2    | Found a radiant altar of Vehumet.
 34042 | Orc:2    | Found an ancient bone altar of Kikubaaqudgha.
 34070 | Orc:2    | Found Egeaquedi's Gadget Shop.
 34211 | Orc:2    | Found Ruwipitano's Distillery.
 34211 | Orc:2    | Found Fittodd's Antique Armour Shop.
 34211 | Orc:2    | Found a roughly hewn altar of Beogh.
 34727 | Orc:2    | Killed Erica
 35631 | Orc:1    | Reached skill level 10 in Spellcasting
 37114 | D:12     | Got an iridescent falchion
 38225 | D:12     | Noticed Nessos
 38228 | D:12     | Killed Nessos
 39369 | D:13     | Reached XP level 15. HP: 68/95 MP: 6/29
 39777 | D:13     | Found a shimmering altar of Xom.
 39980 | D:13     | Reached skill level 5 in Conjurations
 40113 | D:13     | You are sucked into a shaft for 2 floors!
 40113 | D:15     | Entered Level 15 of the Dungeon
 41639 | D:15     | Reached skill level 5 in Poison Magic
 41809 | D:14     | Noticed Agnes
 41876 | D:15     | Found a runed translucent gate.
 41877 | D:15     | Found a runed translucent gate.
 41878 | D:15     | Found a runed translucent gate.
 41881 | D:15     | Noticed HAL9000's ghost (adept VSAs)
 41958 | D:15     | Reached skill level 1 in Ice Magic
 42120 | D:15     | Identified the cursed +0 cloak of the Monkey's Uncle {rElec
                  | rC+} (You found it on level 3 of the Lair of Beasts)
 42244 | D:14     | Killed Agnes
 43470 | D:13     | Found a gate to the Vaults.
 45174 | D:15     | Found a staircase to the Depths.
 45919 | D:6      | Bought a +4 amulet of reflection for 324 gold pieces
 46215 | Spider:1 | Entered Level 1 of the Spider Nest
 46449 | Spider:1 | Reached XP level 16. HP: 96/101 MP: 26/30
 48072 | Spider:2 | Noticed Donald
 48473 | Spider:2 | Noticed Frances
 48481 | Spider:2 | Killed Frances
 48481 | Spider:2 | Noticed Aizul
 48990 | Spider:1 | Killed Aizul
 48990 | Spider:1 | Reached skill level 10 in Dodging
 48990 | Spider:1 | Reached skill level 5 in Ice Magic
 49369 | Spider:1 | Killed Donald
 49529 | Spider:1 | Identified the cursed +2 falchion "Siceru" {antimagic,
                  | Str+6 Dex+3} (You found it on level 12 of the Dungeon)
 50054 | Spider:2 | Learned a level 2 spell: Blink
 50333 | Spider:2 | Noticed Arachne
 50422 | Spider:2 | Killed Arachne
 50422 | Spider:2 | Reached skill level 1 in Translocations
 52054 | Spider:3 | Noticed Jorgrun
 52065 | Spider:3 | Killed Jorgrun
 52086 | Spider:2 | HP: 4/103 [wolf spider (9)]
 52087 | Spider:2 | HP: 1/103 [wolf spider (3)]
 52088 | Spider:2 | Mangled by a wolf spider

Levels and vault maps discovered:
D:1:      scummos_arrival_gate, layout_basic
D:2:      layout_rooms, marbit_many_paths, first_ration, uniq_terence
D:3:      layout_basic, elyvilon_altar_4, chequers_ecumenical_altar_simple,
          grunt_qazlal_clouds, uniq_ijyb
D:4:      layout_rooms, corexii_shack
D:5:      layout_loops_ring
D:6:      layout_cave_pools, minmay_temple_entry_junction, serial_glass,
          glass_columns_b, glass_columns_a, feat_on_display,
          minmay_strange_pillars, serial_shops, shop, uniq_menkaure
D:7:      layout_rooms, kennysheep_generic_room_11
D:8:      layout_basic, hangedman_little_slice_of_home
D:9:      minmay_klotski, layout_long_grid, minitemple, tso_metal_star,
          kennysheep_small_circle, uniq_pikel
D:10:     layout_irregular_city, kennysheep_orc_monster_closet_entryway,
          serial_rivers, chequers_serial_rivers_room_a,
          chequers_serial_rivers_marsh, chequers_serial_rivers_small_b,
          chequers_serial_rivers_small_a, gammafunk_ghost_grave, serial_shops,
          shop, uniq_grum, uniq_urug
D:11:     layout_roguey, dpeg_oklobed_lair, minmay_variable_closet, uniq_harold
D:12:     layout_basic, lemuel_another_geyser, uniq_nessos
D:13:     layout_roguey, ximxim_vaults_locker_room, basic_altar
D:14:     layout_irregular_city, serial_park_square1
          [serial_park_minivault_5x5_6], uniq_agnes
D:15:     grunt_enter_depths_snipers, layout_loops_cross,
          gammafunk_ghost_spectres, solitary_fountain
Lair:1:   layout_cave_pods, serial_bayou_lagoon_b
Lair:2:   layout_regular_city, uniq_sonja
Lair:3:   gammafunk_cloud_chamber, layout_long_grid, st_stairs_9
Lair:4:   layout_cave_pods, shoals_dummy_entry,
          nicolae_spider_entry_tight_spaces, st_stairs_10, patterned_corridor
Lair:5:   layout_regular_city, chequers_serial_rivers_micro_e,
          nicolae_lair_grove_arrangements
Lair:6:   grunt_lair_end_beastmaster, layout_regular_city, slime_altar_2,
          grunt_megastairs_5, infiniplex_staircase_pool_2
Spider:1: layout_spider_delve
Spider:2: layout_spider_delve, nicolae_spider_cling_ruins, uniq_donald,
          uniq_arachne, uniq_aizul, uniq_frances
Spider:3: layout_spider_delve, nicolae_looking_at_the_future, uniq_jorgrun
Orc:1:    layout_caves, uniq_erica, uniq_maurice
Orc:2:    kennysheep_orc_mage_school, layout_caves

Skill      XL: |  1  2  3  4  5  6  7  8  9 10 11 12 13 14 15 16 |
---------------+-------------------------------------------------+-----
Earth Magic    | 4 5 6 7 8 10 12 13 15 | 15.0
Fighting       | 1 2 3 5 6 7 9 10 11 12 | 12.6
Dodging        | 2 3 4 5 6 7 8 9 10 | 10.0
Conjurations   | 1 2 3 4 6 7 |  7.0
Spellcasting   | 3 4 5 6 7 8 9 10 11 | 11.0
Invocations    | 3 5 6 8 |  8.9
Armour         | 2 5 6 7 8 |  8.5
Shields        | 2 5 6 7 8 |  8.6
Slings         | 2 4 |  4.0
Poison Magic   | 3 5 |  5.0
Air Magic      | 2 3 |  3.0
Ice Magic      | 3 6 |  6.1
Translocations | 2 |  2.1
Stealth        | |  2.1
Transmutations | |  0.7

Action                   |  1- 3 |  4- 6 |  7- 9 | 10-12 | 13-15 | 16-18 || total
-------------------------+-------+-------+-------+-------+-------+-------++-------
Melee: Short sword       |    21 |       |       |       |       |       ||    21
       Dagger            |    52 |    78 |     4 |     1 |    98 |    31 ||   264
       Hunting sling     |       |       |       |     1 |       |       ||     1
 Fire: Hunting sling     |       |    14 |    94 |   311 |   670 |   144 ||  1233
Throw: Throwing net      |       |       |       |     2 |     2 |       ||     4
       Dart              |       |       |       |       |     1 |       ||     1
 Cast: Sandblast         |    35 |    57 |   106 |   137 |    85 |   143 ||   563
       Passwall          |     1 |       |       |    10 |    14 |    13 ||    38
       Stone Arrow       |       |       |     7 |    38 |   402 |    81 ||   528
       Lee's Rapid Decon |       |       |     8 |    64 |   157 |    50 ||   279
       Mephitic Cloud    |       |       |       |       |     4 |    33 ||    37
       Blink             |       |       |       |       |       |     1 ||     1
Invok: Greater Healing   |       |       |       |     1 |     7 |     2 ||    10
       Lesser Healing    |       |       |       |     8 |     4 |       ||    12
       Heal Other        |       |       |       |       |     4 |     1 ||     5
       Divine Protection |       |       |       |       |       |     2 ||     2
 Abil: Fly               |       |       |       |       |     1 |       ||     1
Evoke: Wand              |       |       |       |       |       |    15 ||    15
  Use: Scroll            |     7 |     8 |     6 |     9 |    13 |     1 ||    44
       Potion            |       |       |       |       |       |     3 ||     3
 Stab: Sleeping          |     2 |     2 |     1 |     1 |       |       ||     6
  Eat: Chunk             |     3 |     9 |    10 |    30 |    63 |     7 ||   122
       Ration            |     1 |       |     1 |    10 |    11 |     6 ||    29
Armor: Robe              |    30 |    37 |    33 |   117 |       |       ||   217
       Scale mail        |       |       |       |    62 |   468 |   523 ||  1053
       Ring mail         |       |       |       |       |    24 |       ||    24
       Chain mail        |       |       |       |       |     5 |       ||     5
Dodge: Dodged            |    77 |    62 |    84 |   249 |   557 |   411 ||  1440
Block: Buckler           |       |       |       |    13 |   230 |   191 ||   434
       Shield            |       |       |       |       |       |   276 ||   276
       Reflection        |       |       |       |       |       |     4 ||     4

Table legend:
 A = Non-vault XP
 B = Vault XP
 C = Vault XP percentage of total XP
 D = Non-vault monster count
 E = Vault monster count
 F = Vault count percentage of total count
                 A         B        C        D         E       F
            +---------+---------+-------+---------+---------+-------
      Total |  114350 |   51819 |  31.2 |     619 |     143 |  18.8
            +---------+---------+-------+---------+---------+-------
        D:1 |      46 |       0 |   0.0 |      25 |       0 |   0.0
        D:2 |      50 |       2 |   3.8 |      16 |       1 |   5.9
        D:3 |      29 |      36 |  55.4 |      10 |       1 |   9.1
        D:4 |     376 |       2 |   0.5 |      22 |       1 |   4.3
        D:5 |     365 |       0 |   0.0 |      11 |       0 |   0.0
        D:6 |     601 |     169 |  21.9 |      18 |       1 |   5.3
        D:7 |    1176 |      87 |   6.9 |      30 |       3 |   9.1
        D:8 |    1476 |     121 |   7.6 |      24 |       7 |  22.6
        D:9 |     797 |    1047 |  56.8 |      10 |       7 |  41.2
       D:10 |    1328 |    2965 |  69.1 |      22 |      23 |  51.1
       D:11 |    2991 |    2666 |  47.1 |      12 |       4 |  25.0
       D:12 |    4766 |    1334 |  21.9 |      34 |       1 |   2.9
       D:13 |    6610 |    2913 |  30.6 |      22 |      11 |  33.3
       D:14 |    3696 |    2049 |  35.7 |      21 |       1 |   4.5
       D:15 |   22443 |    2324 |   9.4 |      60 |       3 |   4.8
     Lair:1 |    4757 |       0 |   0.0 |      17 |       0 |   0.0
     Lair:2 |    2973 |     807 |  21.3 |      13 |       1 |   7.1
     Lair:3 |    5923 |    3094 |  34.3 |      18 |      12 |  40.0
     Lair:4 |    5279 |     851 |  13.9 |      22 |       3 |  12.0
     Lair:5 |    7636 |    3080 |  28.7 |      17 |       9 |  34.6
     Lair:6 |    6083 |    6656 |  52.2 |      20 |      13 |  39.4
   Spider:1 |   14969 |    3823 |  20.3 |      49 |       2 |   3.9
   Spider:2 |   11403 |    5758 |  33.6 |      32 |       2 |   5.9
   Spider:3 |     205 |    3040 |  93.7 |       1 |       1 |  50.0
      Orc:1 |    4714 |     426 |   8.3 |      43 |       1 |   2.3
      Orc:2 |    3658 |    8569 |  70.1 |      50 |      35 |  41.2
            +---------+---------+-------+---------+---------+-------
